cohdb
Replays
Latest Replays
All Replays
Popular Replays
Top Player Replays
Match Explorer
How It Works
Community
CoH3 Stats
Reddit
Sign in to upload your games and track your stats! →
Sign in with Steam
Match 42485829
Unlisted
Match 42485829
Overview
Messages
Build Orders
End
Vickers Machine Gun Team
Construct Section Command Post
Infantry Section
Selects Indian Artillery Battlegroup
Dingo Light Scout Car
Infantry Section
Selects Towed ML 4.2-inch Heavy Mortar
Vickers Machine Gun Team
Construct Platoon Command Post
Selects War Cry
Humber Armored Car
Unlock M3 Stuart Light Tanks
铃荷来了
Rui Ta
軍曹
Karadoc
Team saupiquet
LeMounky
0
0
Comments
sign in to comment!
No comments posted yet!